 Dungeon Sprint DCSS version 0.26-a0-639-g72c4674329 (webtiles) character file.

Game seed: 7785565099706201293

46 Gottschkopf the Fighter (level 3, -7/79 HPs)
             Began as an Ogre Berserker on Sept 15, 2020.
             Was a Believer of Trog.
             Mangled by a phantom (9 damage)
             ... in the Dungeon (Sprint IX: "|||||||||||||||||||||||||||||").
             The game lasted 00:00:22 (35 turns).

Gottschkopf the Fighter (Ogre Berserker)              Turns: 35, Time: 00:00:23

Health: -7/79      AC:  3    Str: 22    XL:     3   Next: 66%
Magic:  3/3        EV: 10    Int:  8    God:    Trog [**....]
Gold:   0          SH:  0    Dex:  8    Spells: 2/2 levels left

rFire    . . .     SeeInvis .   a - +0 mace
rCold    . . .     Faith    .   (no shield)
rNeg     . . .     Spirit   .   b - +0 animal skin
rPois    .         Reflect  .   (helmet restricted)
rElec    .         Harm     .   (no cloak)
rCorr    .         Rampage  .   (gloves unavailable)
MR       .....     NoTele   +   (boots unavailable)
Stlth    ..........             (no amulet)
HPRegen  0.23/turn              (no ring)
MPRegen  0.08/turn              (no ring)

@: berserking (expiring), very quick
A: large, unfitting armour, tough skin 1
a: Berserk, Trog's Hand, Renounce Religion


You were in the Dungeon.
You worshipped Trog.
Trog was pleased with you.
You visited 1 branch

Inventory:

Hand Weapons
 a - a +0 mace (weapon)
Armour
 b - a +0 animal skin (worn)
Scrolls
 h - a scroll of blinking
Potions
 c - a potion of curing
 d - a potion of heal wounds
 e - a potion of haste
 f - 2 potions of magic
 g - a potion of berserk rage


   Skills:
 + Level 9.9 Fighting
 - Level 2.6 Maces & Flails
 - Level 2.6 Dodging


You had 2 spell levels left.
You didn't know any spells.
Your spell library was empty.

Dungeon Overview and Level Annotations

Branches:
Dungeon (1/1)

Altars:


Innate Abilities, Weirdness & Mutations

You are too large for most types of armour.
You have tough skin. (AC +1)


Message History

The ball python closely misses you.
You barely miss the phantom.
The phantom is lightly damaged.
The phantom barely misses you.
The ball python bites you but does no damage.
You miss the phantom.
The phantom is lightly damaged.
The giant cockroach waves its antennae.
The ball python bites you but does no damage.
The phantom hits you.
* * * LOW HITPOINT WARNING * * *
You sock the phantom!
The phantom is moderately damaged.
The ball python closely misses you. The phantom hits you.
* * * LOW HITPOINT WARNING * * *
You hit the phantom.
The phantom is heavily damaged.
The ball python bites you but does no damage.
The phantom hits you!
You die... ▓▓▓▓▓▓▓▓▓▓▓▓▓▓▓▓▓▓ +...osS@W.††'...<▓ ▓▓▓▓▓▓▓▓▓▓▓▓▓▓▓▓▓▓

You could see a phantom, an orc, a giant cockroach and a ball python.

Vanquished Creatures
  A howler monkey (D)
  2 bats (D)
  2 hobgoblins (D)
  A rat (D)
6 creatures vanquished.

Notes
Turn   | Place    | Note
-------+----------+-------------------------------------------
     0 | D        | Gottschkopf the Ogre Berserker began the quest for the Orb.
     0 | D        | Reached XP level 1. HP: 24/24 MP: 1/1
     0 | D        | Banished a spatial maelstrom
     6 | D        | Reached skill level 5 in Fighting
    13 | D        | Reached ** piety under Trog
    15 | D        | Reached skill level 6 in Fighting
    23 | D        | Noticed a howler monkey
    23 | D        | Noticed a phantom
    30 | D        | Killed a howler monkey
    30 | D        | Reached skill level 9 in Fighting
    30 | D        | Reached XP level 2. HP: 5/45 MP: 2/2
    30 | D        | Reached XP level 3. HP: 6/53 MP: 3/3
    34 | D        | HP: 2/79 [phantom (2)]
    35 | D        | Mangled by a phantom

Illustrated notes

Levels and vault maps discovered:
D:        linesprint [early_d, line_temple, items_1, d_10, items_2, lair_1,
          lair_end, items_3, orc_1, orc_end, items_4, d_15, swamp_1, shoals_1,
          snake_1, spider_1, d_20, vaults_1, items_5, swamp_end, shoals_end,
          snake_end, spider_end, vaults_end, d_27, items_6, zot_1, zot_end,
          crypt_end, forest_end, elf_end, slime_end, tomb_end, abyss_end,
          pan_hell_end]

Skill      XL: |  1 |
---------------+----+-----
Fighting       | 9 |  9.9
Maces & Flails | |  2.6
Dodging        | |  2.6

Action                   || total
-------------------------++-------
Melee: Mace              ||    22
Invok: Berserk           ||     1
Armor: Animal skin       ||     6
Dodge: Dodged            ||    15

Table legend: (Time is in decaauts)
 A = Elapsed time spent in this place.
 B = Non-inter-level travel time spent in this place.
 C = Inter-level travel time spent in this place.
 D = Time resting spent in this place.
 E = Time spent auto-exploring this place.
 F = Levels seen in this place.
 G = Mean time per level.
                   A        B        C        D        E       F      G
               +--------+--------+--------+--------+--------+-----+--------+
         Total |     37 |     37 |      0 |      0 |      8 |   1 |   37.0 |
       Dungeon |     37 |     37 |      0 |      0 |      8 |   1 |   37.0 |
               +--------+--------+--------+--------+--------+-----+--------+

Top non-repeatable levels by time:
       D: 37 daAuts
